AoeStats
← J A K E J I M M Y

Oasis

509506256Analyzed
2v2 RM · 5d ago on Sep 27, 2026· 28m 23s· 4 players
Game mode
Random Map
Map size
Medium (4 player)
Population
200
Speed
Normal
Resources
Standard
Victory
Conquest
Starting age
Dark Age
Ending age
Imperial Age
RankedLock teamsTeams togetherTeam positionsShared explorationLock speedFull tech treeHidden civsTurbo modeCheats
Victory
Defeat
🇬🇧 Saxons · United Kingdom
806
+13
🇬🇧 Bohemians · United Kingdom
652
+19
🇩🇪 Magyars · Germany
723
-16
🇩🇪 Britons · Germany
722
-16
Tomzi
10:50 Feudal Age
11:24 Double-Bit Axe
21:31 Castle Age
20:09 Padded Archer Armor
22:33 Gold Mining
22:56 Bow Saw
22:30 Horse Collar
22:50 Stone Mining
23:01 Crossbowman
23:52 Thumb Ring
25:59 Gold Shaft Mining
26:29 Fletching
26:55 Leather Archer Armor
GipfelTuch
10:26 Feudal Age
9:33 Loom
11:00 Double-Bit Axe
10:58 Horse Collar
13:12 Wheelbarrow
13:14 Gold Mining
22:12 Castle Age
20:56 Padded Archer Armor
21:40 Fletching
22:07 Town Watch
22:14 Crossbowman
23:06 Bow Saw
22:58 Heavy Plow
24:58 Hand Cart
25:18 Leather Archer Armor
26:37 Ballistics
J A K E J I M M Y
11:29 Feudal Age
15:19 Castle Age
14:36 Double-Bit Axe
14:34 Horse Collar
20:08 Fletching
22:13 Wheelbarrow
21:32 Town Watch
21:49 Loom
22:31 Squires
22:40 Arson
)v(aster
12:55 Feudal Age
12:07 Loom
20:02 Horse Collar
29:51 Castle Age
Connection lost

Rejoining the realm…

Still unreachable

The connection could not be restored.

Session expired

The server has moved on; the page needs a fresh start.